 Dungeon Crawl Stone Soup version 0.31-a0-868-g674d60d6f7 (webtiles) character file.

Game seed: 1220530947462726643

38143 GigaChad the Severer (level 14, -2/113 HPs) *EXPLORE*
             Began as a Formicid Fighter on Oct 11, 2023.
             Slain by a nine-headed hydra (6 damage)
             ... on level 5 of the Lair of Beasts.
             The game lasted 00:21:40 (15474 turns).

GigaChad the Severer (Formicid Fighter)            Turns: 15474, Time: 00:21:42

Health: -2/113     AC: 13    Str: 26    XL:     14   Next: 32%
Magic:  14/14      EV: 13    Int:  8    God:
Gold:   659        SH: 12    Dex: 13    Spells: 13/13 levels left

rFire   . . .        x - +5 battleaxe
rCold   . . .        D - +0 kite shield
rNeg    . . .        G - +2 swamp dragon scales
rPois   +            (helmet unavailable)
rElec   .            E - +0 cloak {Stlth+}
rCorr   .            (no gloves)
SInv    +            (no boots)
Will    +....        (no amulet)
Stlth   ++           g - ring of poison resistance
HPRegen 0.38/turn    (no ring)
MPRegen 0.14/turn

%: no passive effects
@: no status effects
A: permanent stasis, dig shafts and tunnels, antennae 3, four strong arms
a: Dig, Shaft Self


You were on level 5 of the Lair of Beasts.
You visited 3 branches of the dungeon, and saw 14 of its levels.

You collected 659 gold pieces.

Inventory:

Hand Weapons
 a - a +1 war axe
 x - a +5 battleaxe (weapon)
Missiles
 l - a throwing net
Armour
 b - a +0 scale mail
 y - +0 steam dragon scales
 A - a +0 plate armour
 D - a +0 kite shield (worn)
 E - a +0 cloak of stealth (worn)
 G - +2 swamp dragon scales (worn)
Jewellery
 g - a ring of poison resistance (left hand)
 h - a ring of positive energy
 i - a ring of positive energy
 z - a ring of wizardry
 H - a ring of willpower
 M - a ring of resist corrosion
Talismans
 k - a beast talisman
 t - a beast talisman
 B - a flux talisman
 J - a dragon-blood talisman
Wands
 m - a wand of paralysis (18)
 v - a wand of roots (20)
 w - a wand of flame (41)
 F - a wand of polymorph (8)
 K - a wand of mindburst (5)
Scrolls
 c - a scroll of immolation {unknown}
 e - 7 scrolls of teleportation
 q - 2 scrolls of vulnerability
 s - 4 scrolls of identify
 u - a scroll of acquirement {unknown}
 I - 2 scrolls of revelation
 N - a scroll of fear {unknown}
 O - a scroll of butterflies {unknown}
Potions
 d - 4 potions of might
 f - 6 potions of curing {unknown}
 j - 3 potions of mutation {unknown}
 n - 2 potions of magic {unknown}
 o - 5 potions of heal wounds {unknown}
 p - a potion of haste {unknown}
 r - 4 potions of enlightenment {unknown}
 C - 2 potions of degeneration {unknown}
 L - 3 potions of resistance {unknown}
Miscellaneous
 P - a sack of spiders


   Skills:
 * Level 11.1 Fighting
 * Level 15.1 Axes
 * Level 10.7 Armour
 * Level 7.4 Dodging
 * Level 11.8 Shields
 * Level 5.4 Shapeshifting


You had 13 spell levels left.
You didn't know any spells.
Your spell library contained the following spells:

 Spells                   Type           Power      Damage    Failure   Level
 Slow                     Hex            0%         N/A       67%         1
 Wereblood                Tmut           0%         N/A       82%         2
 Confusing Touch          Hex            0%         N/A       96%         3
 Dazzling Flash           Conj/Hex       0%         N/A       96%         3
 Ignite Poison            Fire/Tmut/Pois 0%         N/A       96%         3
 Sigil of Binding         Hex            0%         N/A       96%         3
 Vampiric Draining        Necr           0%         2d6       96%         3
 Olgreb's Toxic Radiance  Pois           0%         N/A       100%        4
 Sticky Flame             Conj/Fire      0%         2d3       100%        4
 Agony                    Necr           0%         N/A       100%        5
 Silence                  Hex/Air        0%         N/A       100%        5
 Discord                  Hex            0%         N/A       100%        8
 Ignition                 Fire           0%         3d3       100%        8


Dungeon Overview and Level Annotations

Branches:
Dungeon (8/15)             Temple (1/1) D:4            Lair (5/5) D:8
  Swamp (0/4) Lair:2        Snake (0/4) Lair:3
  Slime: Lair:4-5

Altars:
Ashenzari
Cheibriados
Dithmenos
Elyvilon
Hepliaklqana
Kikubaaqudgha
Makhleb
Nemelex Xobeh
Okawaru
Qazlal
Ru
Sif Muna
Trog
Uskayaw
Vehumet
Wu Jian
Xom
The Shining One
Jiyva

Shops:
D:5 [

Annotations:
D:4 3 runed translucent doors, wildpjah's ghost, amateur MfGl
Lair:3 exclusion: oklob plant
Lair:4 exclusion: oklob plant


Innate Abilities, Weirdness & Mutations

You cannot be hasted, slowed, berserked, paralysed or teleported.
You can dig through walls and to a lower floor.
You have a pair of large antennae on your head. (SInv)
Your four strong arms can wield two-handed weapons with a shield.


Message History

You slice the komodo dragon!!
You kill the komodo dragon!
The hornet stings you but does no damage.
An eight-headed hydra comes into view.
You barely miss the hornet.
The eight-headed hydra roars!
You hear a trumpeting! x3
The hornet stings you.
* * * LOW HITPOINT WARNING * * *
You block the hornet's attack.
You miss the hornet. You block the hornet's attack.
You hit the hornet.
The hornet is lightly wounded.
The hornet barely misses you.
You completely miss the hornet.
The hornet is lightly wounded.
The hornet stings you.
* * * LOW HITPOINT WARNING * * *
You block the hornet's attack.
You slice the hornet!!
The hornet is heavily wounded.
The hornet misses you.
You hit the hornet.
The hornet is severely wounded.
You block the hornet's attack. The hornet closely misses you.
You miss the hornet.
The hornet is severely wounded.
You chop one of the eight-headed hydra's heads off!
The seven-headed hydra grows two more!
You slash the nine-headed hydra! You block the hornet's attack.
The nine-headed hydra closely misses you.
The nine-headed hydra bites you.
* * * LOW HITPOINT WARNING * * *
The nine-headed hydra barely misses you.
You block the nine-headed hydra's attack.
The nine-headed hydra bites you.
* * * LOW HITPOINT WARNING * * *
The nine-headed hydra bites you!
* * * LOW HITPOINT WARNING * * *
The nine-headed hydra bites you.
You die...

~.............
#............#
~##~...........# #
~~~~..#........#P#
#~~~~~.............# P~
#~~~#~.............#
~~~#~~~#.......yD.....#
~~#~~P~.......@......#
P~
~~~~~..............##
#P~ #~~~~............##
#~~~#~~##~..........##
~~.~~~.~.~†.........#
........[.........###
..........†.......#
........<........##
............#.....#


You could see a nine-headed hydra and a hornet.

Vanquished Creatures
  An eleionoma (Lair:2)
  Fannar (Lair:1)
  5 hydras (Lair:4)
  Erica (Lair:2)
  Nergalle (Lair:2)
  Urug (Lair:3)
  2 skysharks
  2 lindwurms
  A deep elf pyromancer (D:8)
  2 elephants (Lair:4)
  4 black mambas
  Maurice (D:8)
  A torpor snail (Lair:4)
  22 cane toads
  4 rime drakes
  Maggie (D:8)
  8 komodo dragons
  6 polar bears
  8 blink frogs (Lair:3)
  Prince Ribbit (Lair:3)
  7 dream sheep (Lair:4)
  A spriggan (Lair:3)
  5 wyverns
  5 basilisks
  22 yaks
  5 steam dragons
  3 nagas (Lair:3)
  14 water moccasins
  8 ice beasts
  3 ogres
  4 sky beasts
  4 black bears
  2 orc warriors
  A phantom (D:6)
  11 wolves
  2 centaurs
  16 bullfrogs
  2 kobold brigands
  A gnoll sergeant (D:7)
  4 scorpions
  12 wights
  5 killer bees (D:8)
  A howler monkey (D:5)
  2 electric eels (Lair:4)
  2 hounds
  4 jellies
  2 orc priests (D:8)
  3 iguanas (D:5)
  A sleepcap (D:6)
  Crazy Yiuf (D:7)
  9 orc wizards
  7 gnolls
  9 adders
  A shadow imp (D:6)
  2 white imps (D:5)
  4 ufetubi
  A worm (D:2)
  A dart slug (D:2)
  32 orcs
  2 ball pythons
  10 endoplasms
  3 giant cockroaches
  A goblin (D:3)
  6 hobgoblins
  4 jackals
  2 quokkas
  11 bats
  2 frilled lizards
  17 kobolds
  6 rats
356 creatures vanquished.

Vanquished Creatures (others)
  A basilisk (Lair:5)
1 creature vanquished.

Grand Total: 357 creatures vanquished

Notes
Turn   | Place    | Note
-------+----------+-------------------------------------------
     0 | D:1      | GigaChad the Formicid Fighter began the quest for the Orb.
     0 | D:1      | Reached XP level 1. HP: 18/18 MP: 1/1
    64 | D:1      | Entered explore mode.
   164 | D:1      | Reached XP level 2. HP: 24/24 MP: 2/2
   684 | D:2      | Reached XP level 3. HP: 29/29 MP: 3/3
   744 | D:2      | Slain by a gnoll
                  | ... wielding a +0 whip
                  | (3 damage)
   755 | D:2      | Reached XP level 4. HP: 4/37 MP: 4/4
   757 | D:2      | HP: 1/37 [gnoll/+0 whip (4)]
   758 | D:2      | Slain by a gnoll
                  | ... wielding a +0 whip
                  | (1 damage)
   761 | D:2      | Reached skill level 3 in Axes
   994 | D:2      | Reached XP level 5. HP: 17/42 MP: 5/5
  1596 | D:3      | HP: 2/41 [orc wizard/magic dart (6)]
  1600 | D:3      | Reached skill level 1 in Dodging
  1600 | D:3      | Constricted to death by a ball python (1 damage)
  1666 | D:3      | Reached XP level 6. HP: 48/48 MP: 6/6
  1701 | D:3      | Reached skill level 4 in Axes
  2002 | D:4      | Found a runed translucent gate.
  2002 | D:4      | Found a runed translucent gate.
  2002 | D:4      | Found a runed translucent gate.
  2003 | D:4      | Noticed wildpjah's ghost (amateur MfGl)
  2220 | D:4      | Noticed an ogre
  2226 | D:4      | HP: 1/48 [ogre/+0 giant club (20)]
  2229 | D:4      | Killed an ogre
  2511 | D:4      | Reached skill level 5 in Axes
  2511 | D:4      | Reached skill level 5 in Shields
  2511 | D:4      | Reached XP level 7. HP: 45/54 MP: 7/7
  3088 | D:4      | Found a staircase to the Ecumenical Temple.
  3392 | Temple   | Entered the Ecumenical Temple
  3484 | D:5      | Entered Level 5 of the Dungeon
  3492 | D:5      | Reached skill level 5 in Armour
  3509 | D:5      | Slain by an iguana (10 damage)
  3551 | D:5      | Found a white marble altar of Elyvilon.
  3875 | D:5      | Reached XP level 8. HP: 50/61 MP: 8/8
  4059 | D:5      | Found Illiopn's Armour Emporium.
  4113 | D:5      | Reached skill level 6 in Axes
  4326 | D:5      | Found a snail-covered altar of Cheibriados.
  4451 | D:6      | Reached skill level 5 in Fighting
  4857 | D:6      | Reached skill level 7 in Axes
  4885 | D:6      | Reached XP level 9. HP: 41/68 MP: 9/9
  5233 | D:6      | HP: 2/65 [wight/+0 flail (9)]
  5930 | D:7      | Slain by a steam dragon (4 damage)
  5932 | D:7      | Reached skill level 8 in Axes
  5938 | D:7      | Demolished by an ogre
                  | ... wielding a +0 giant spiked club
                  | (29 damage)
  5946 | D:7      | Killed from afar by a steam dragon (20 damage)
                  | ... with a ball of steam
  5957 | D:7      | Killed from afar by a steam dragon (19 damage)
                  | ... with a ball of steam
  6148 | D:7      | Reached XP level 10. HP: 46/77 MP: 10/10
  6339 | D:7      | Found a runed translucent door.
  6340 | D:7      | Noticed Crazy Yiuf
  6346 | D:7      | Killed Crazy Yiuf
  6347 | D:7      | Reached skill level 9 in Axes
  6604 | D:7      | Found a bloodstained altar of Trog.
  6751 | D:8      | HP: 3/77 [steam dragon] (14)]
  6752 | D:8      | Engulfed by a steam dragon's steam (9 damage)
  6777 | D:8      | Found a sacrificial altar of Ru.
  6810 | D:8      | Noticed Maurice
  6819 | D:8      | Maurice stole a ring of wizardry
  6820 | D:8      | Killed Maurice
  6831 | D:8      | Engulfed by a steam dragon's steam (18 damage)
  6949 | D:8      | Reached skill level 10 in Axes
  7068 | D:8      | Found a staircase to the Lair.
  7068 | D:8      | Noticed a rime drake
  7077 | D:8      | Killed a rime drake
  7083 | D:8      | HP: 3/79 [ice beast (6)]
  7087 | D:8      | Reached XP level 11. HP: 5/84 MP: 11/11
  7087 | D:8      | Noticed Maggie
  7094 | D:8      | Slain by an ice beast (8 damage)
  7107 | D:8      | Mangled by Maggie
                  | ... wielding a +1 war axe of draining
                  | (19 damage)
  7125 | D:8      | Mangled by Maggie
                  | ... wielding a +1 war axe of draining
                  | (15 damage)
  7134 | D:8      | Killed Maggie
  7446 | D:8      | Found a sparkling altar of Nemelex Xobeh.
  7588 | D:8      | Noticed a deep elf pyromancer
  7602 | D:8      | Killed a deep elf pyromancer
  7603 | D:8      | Reached skill level 11 in Axes
  7882 | Lair:1   | Entered Level 1 of the Lair of Beasts
  8645 | Lair:1   | Noticed Fannar
  8666 | Lair:1   | HP: 2/86 [ice beast[Fannar] (6)]
  8667 | Lair:1   | Slain by Fannar
                  | ... wielding a staff of cold
                  | (5 damage)
  8670 | Lair:1   | Killed Fannar
  8671 | Lair:1   | Reached skill level 5 in Dodging
  8671 | Lair:1   | Reached skill level 1 in Shapeshifting
  8918 | Lair:1   | Reached skill level 12 in Axes
  9320 | Lair:2   | Reached XP level 12. HP: 94/94 MP: 12/12
  9556 | Lair:2   | Slain by a cane toad (11 damage)
  9614 | Lair:2   | Reached skill level 10 in Shields
  9923 | Lair:2   | Found a staircase to the Swamp.
  9923 | Lair:2   | Noticed an eleionoma
  9953 | Lair:2   | Killed from afar by an eleionoma (53 damage)
                  | ... with a spray of wooden splinters
  9979 | Lair:2   | Mangled by an eleionoma (14 damage)
  9982 | Lair:2   | Killed an eleionoma
  9983 | Lair:2   | Reached skill level 13 in Axes
 10442 | Lair:2   | Noticed Erica
 10446 | Lair:2   | Noticed Nergalle
 10455 | Lair:2   | HP: 4/95 [spectral orc/+0 morningstar[Nergalle] (4)]
 10455 | Lair:2   | Mangled by Erica
                  | ... wielding a +1 scimitar of flaming
                  | (17 damage)
 10459 | Lair:2   | Slain by a spectral orc warrior
                  | ... wielding a +0 trident
                  | ... summoned by Nergalle
                  | (3 damage)
 10463 | Lair:2   | Slain by a spectral orc
                  | ... wielding a +0 morningstar
                  | ... summoned by Nergalle
                  | (7 damage)
 10468 | Lair:2   | Mangled by a spectral orc warrior
                  | ... wielding a +0 trident
                  | ... summoned by Nergalle
                  | (14 damage)
 10472 | Lair:2   | Killed Erica
 10479 | Lair:2   | Killed from afar by Nergalle (33 damage)
                  | ... with a bolt of negative energy
 10483 | Lair:2   | Killed Nergalle
 11242 | Lair:3   | Got a vellum book
 11295 | Lair:3   | Reached XP level 13. HP: 42/92 MP: 13/13
 11551 | Lair:3   | Found a staircase to the Snake Pit.
 11560 | Lair:3   | Mangled by a naga
                  | ... wielding a +0 halberd
                  | (15 damage)
 12187 | Lair:3   | Noticed Urug
 12198 | Lair:3   | Killed Urug
 12199 | Lair:3   | Reached skill level 14 in Axes
 12784 | Lair:3   | Reached skill level 10 in Armour
 12874 | Lair:3   | Noticed Prince Ribbit
 12884 | Lair:3   | Killed Prince Ribbit
 12890 | Lair:3   | Reached skill level 10 in Fighting
 13510 | Lair:4   | Noticed a seven-headed hydra
 13516 | Lair:4   | Slain by a ten-headed hydra (11 damage)
 13521 | Lair:4   | HP: 2/103 [13-headed hydra (7)]
 13521 | Lair:4   | Slain by a 13-headed hydra (3 damage)
 13524 | Lair:4   | Killed a 16-headed hydra
 13734 | Lair:4   | Noticed a seven-headed hydra
 13742 | Lair:4   | HP: 4/103 [wolf (3)]
 13742 | Lair:4   | Mangled by a 12-headed hydra (12 damage)
 13747 | Lair:4   | Slain by a 14-headed hydra (9 damage)
 13750 | Lair:4   | Slain by a skyshark (10 damage)
 13752 | Lair:4   | HP: 5/103 [16-headed hydra (6)]
 13752 | Lair:4   | Slain by a 16-headed hydra (6 damage)
 13755 | Lair:4   | Mangled by a 19-headed hydra (12 damage)
 13757 | Lair:4   | HP: 4/103 [20-headed hydra (6)]
 13757 | Lair:4   | Mangled by a 20-headed hydra (10 damage)
 13759 | Lair:4   | Slain by a 19-headed hydra (3 damage)
 13761 | Lair:4   | Slain by a 20-headed hydra (9 damage)
 13762 | Lair:4   | Slain by a skyshark (11 damage)
 13763 | Lair:4   | Killed a 19-headed hydra
 13810 | Lair:4   | Found a viscous altar of Jiyva.
 13907 | Lair:4   | Killed from afar by a rime drake (27 damage)
                  | ... with an icy flash freeze
 13995 | Lair:4   | Noticed an eight-headed hydra
 14004 | Lair:4   | HP: 4/104 [nine-headed hydra (13)]
 14004 | Lair:4   | Slain by a dream sheep (5 damage)
 14008 | Lair:4   | Slain by a 12-headed hydra (8 damage)
 14011 | Lair:4   | HP: 5/104 [14-headed hydra (2)]
 14012 | Lair:4   | Slain by a 14-headed hydra (7 damage)
 14015 | Lair:4   | Slain by a 15-headed hydra (10 damage)
 14016 | Lair:4   | Killed a 16-headed hydra
 14130 | Lair:4   | Killed from afar by a lindwurm (40 damage)
                  | ... with a blast of flame
 14345 | Lair:4   | Reached skill level 5 in Shapeshifting
 14351 | Lair:4   | Reached XP level 14. HP: 107/111 MP: 14/14
 14572 | Lair:4   | HP: 1/111 [11-headed hydra (5)]
 14572 | Lair:4   | Mangled by an 11-headed hydra (9 damage)
 14579 | Lair:4   | HP: 2/111 [15-headed hydra (4)]
 14580 | Lair:4   | Slain by a 15-headed hydra (4 damage)
 15124 | Lair:4   | Reached skill level 15 in Axes
 15399 | Lair:5   | Entered Level 5 of the Lair of Beasts
 15413 | Lair:5   | HP: 5/111 [cane toad (6)]
 15413 | Lair:5   | Slain by a skyshark (7 damage)
                  | ... while petrified by a basilisk
 15420 | Lair:5   | HP: 4/113 [cane toad (4)]
 15422 | Lair:5   | Slain by a skyshark (5 damage)
                  | ... while petrified by a basilisk
 15474 | Lair:5   | HP: 4/113 [nine-headed hydra (10)]
 15474 | Lair:5   | Slain by a nine-headed hydra

Illustrated notes

Levels and vault maps discovered:
D:1:      nicolae_arrival_memento_mori, layout_rooms, serial_rivers,
          chequers_serial_rivers_micro_c, chequers_serial_rivers_micro_a,
          chequers_serial_rivers_micro_d, chequers_serial_rivers_micro_a,
          chequers_serial_rivers_large_a
D:2:      layout_basic
D:3:      layout_basic, mrwooster_statue_mirror
D:4:      cheibrodos_thug_alley, layout_basic, lemuel_temple_firewalk_b,
          gammafunk_ghost_nasty_kobolds
D:5:      layout_basic, marbit_many_paths, elyvilon_altar_3, serial_shops,
          nicolae_stop_n_shop_1
D:6:      layout_loops_corners
D:7:      layout_basic, trog_ov_bears_minmay, uniq_crazy_yiuf_cottage
D:8:      layout_loops_ring, hangedman_ru_absence, nemelex_spade_bored_becter,
          hellmonk_lair_entry_icy, uniq_maurice, uniq_maggie
Temple:   hellmonk_temple_forest_ring
Lair:1:   layout_chaotic_city, serial_bayou_pond_b, uniq_fannar
Lair:2:   layout_small_grid, alex1729_swamp_entry_worm_eleionoma, minmay_holes,
          beast_lair_carwin_10, infiniplex_staircase_pool_2, uniq_erica,
          uniq_nergalle
Lair:3:   layout_concentric_octagons, nicolae_snake_entry_squirm,
          grunt_forest_stairs_clearing, uniq_urug, uniq_prince_ribbit2
Lair:4:   nzn_winding_woodlands_stair_trap [nzn_winding_woodlands_5x15_crooked,
          nzn_winding_woodlands_5x15_pockets,
          nzn_winding_woodlands_5x15_sawtooth,
          nzn_winding_woodlands_15x15_eel_pit,
          nzn_winding_woodlands_5x15_split_checker,
          nzn_winding_woodlands_5x15_river_crossing,
          nzn_winding_woodlands_5x15_garden], layout_regular_city,
          minmay_slime_entry_oklob_enclosed
Lair:5:   gammafunk_lair_ancient_temple, layout_gridlike, serial_bayou_shore_b

Skill      XL: |  1  2  3  4  5  6  7  8  9 10 11 12 13 14 |
---------------+-------------------------------------------+-----
Axes           | 3 5 7 8 10 12 13 14 15 | 15.1
Armour         | 4 5 6 7 8 9 10 | 10.7
Fighting       | 4 5 6 7 8 9 10 11 | 11.1
Dodging        | 1 2 3 4 5 6 7 |  7.4
Shields        | 5 6 7 8 9 10 11 | 11.8
Shapeshifting  | 1 3 5 |  5.4

Action                     |  1- 3 |  4- 6 |  7- 9 | 10-12 | 13-15 || total
---------------------------+-------+-------+-------+-------+-------++-------
  Melee: War axe           |    73 |   137 |   261 |       |       ||   471
         Battleaxe         |       |       |     4 |   434 |   356 ||   794
         Unarmed           |       |       |       |    58 |       ||    58
Ability: Dig               |       |     1 |     2 |     1 |       ||     4
    Use: Scroll            |       |     4 |     6 |     1 |       ||    11
   Stab: Sleeping          |       |       |       |     3 |     2 ||     5
 Armour: Scale mail        |    46 |   106 |   223 |     2 |       ||   377
         Plate armour      |       |       |       |   142 |       ||   142
         Swamp dragon scal |       |       |       |   221 |   937 ||  1158
         Skin              |       |       |       |    49 |       ||    49
  Dodge: Dodged            |    33 |    73 |   137 |   275 |   445 ||   963
  Block: Buckler           |    20 |    39 |    39 |       |       ||    98
         Kite shield       |       |       |   105 |   261 |   395 ||   761

Table legend: (Time is in decaauts)
 A = Elapsed time spent in this place.
 B = Non-inter-level travel time spent in this place.
 C = Inter-level travel time spent in this place.
 D = Time resting spent in this place.
 E = Time spent auto-exploring this place.
 F = Levels seen in this place.
 G = Mean time per level.
                   A        B        C        D        E       F      G
               +--------+--------+--------+--------+--------+-----+--------+
         Total |  15736 |  15316 |    420 |    330 |  11999 |  14 | 1124.0 |
       Dungeon |   8030 |   7764 |    266 |     87 |   5974 |   8 | 1003.8 |
        Temple |     47 |     47 |      0 |      0 |      0 |   1 |   47.0 |
          Lair |   7657 |   7504 |    153 |    243 |   6025 |   5 | 1531.4 |
               +--------+--------+--------+--------+--------+-----+--------+

Top non-repeatable levels by time:
  Lair:3: 2373 daAuts
  Lair:4: 1918 daAuts
  Lair:2: 1847 daAuts
     D:6: 1506 daAuts
     D:4: 1489 daAuts
  Lair:1: 1441 daAuts
     D:8: 1181 daAuts
     D:2: 1033 daAuts
     D:5: 983 daAuts
     D:7: 825 daAuts
     D:1: 603 daAuts
     D:3: 407 daAuts
  Lair:5: 76 daAuts
  Temple: 47 daAuts
